 Dungeon Crawl Stone Soup version 0.20-a0-1026-gc3ddcbd (webtiles) character file.

1220 theAP the Grappler (level 8, -6/120 HPs)
             Began as a Troll Berserker on Apr 20, 2017.
             Was an Elder of Trog.
             Killed from afar by an orc wizard (7 damage)
             ... with a puff of frost
             ... on level 6 of the Dungeon.
             The game lasted 00:10:01 (4310 turns).

theAP the Grappler (Troll Berserker)                Turns: 4310, Time: 00:10:02

Health: -6/120     AC:  6    Str: 33    XL:     8   Next: 23%
Magic:  6/6        EV: 10    Int:  4    God:    Trog [****..]
Gold:   280        SH:  0    Dex: 10    Spells: 7/7 levels left

rFire    . . .     SeeInvis .     - Unarmed
rCold    . . .     Gourm    +   (no shield)
rNeg     . . .     Faith    .   a - +1 animal skin
rPois    .         Spirit   .   (helmet restricted)
rElec    .         Reflect  .   (no cloak)
rCorr    .         Harm     .   (gloves unavailable)
MR       .....                  (boots unavailable)
Stlth    ..........             (no amulet)
Regen    1.1/turn               (no ring)
MPRegen  0.1/turn               (no ring)

@: berserking, very quick
A: unfitting armour, claws 3, horns 1, fast metabolism 3, gourmand, low mp 1,
regeneration 2, shaggy fur 1, strong 1, tough skin 2
a: Berserk, Trog's Hand, Brothers in Arms, Burn Spellbooks, Renounce Religion


You were on level 6 of the Dungeon.
You worshipped Trog.
Trog was greatly pleased with you.
You were not hungry.

You visited 2 branches of the dungeon, and saw 7 of its levels.
You also visited: Sewer.

You collected 280 gold pieces.

Inventory:

Armour
 a - a +1 animal skin (worn)
Jewellery
 g - an uncursed ring of loudness
 q - an uncursed ring of protection from cold {unknown}
 s - a cursed ring of positive energy {unknown}
 y - an uncursed ring of magical power {unknown}
Wands
 B - a wand of iceblast (8/15)
Scrolls
 c - 6 scrolls of remove curse
 j - 3 scrolls of enchant armour
 k - 2 scrolls of recharging
 m - a scroll of blinking
 p - 7 scrolls of teleportation
 u - a scroll of noise
 x - a scroll of fear
Potions
 d - 4 potions of curing
 f - a potion of berserk rage
 l - 3 potions of degeneration
 r - a potion of agility
 t - a potion of haste
 v - 2 potions of magic
 w - a potion of might
 z - a potion of brilliance
 A - a potion of ambrosia
 C - 2 potions of heal wounds
 E - a potion of cancellation
Comestibles
 b - 4 bread rations
 h - 6 fruits
 o - a meat ration


   Skills:
 + Level 5.3 Fighting
 - Level 2.4 Dodging
 * Level 8.6 Unarmed Combat


You had 7 spell levels left.
You didn't know any spells.

Dungeon Overview and Level Annotations

Branches:
Dungeon (6/15)             Temple (1/1) D:5

Altars:
Ashenzari
Cheibriados
Dithmenos
Elyvilon
Fedhas
Gozag
Hepliaklqana
Kikubaaqudgha
Makhleb
Nemelex Xobeh
Okawaru
Qazlal
Ru
Trog
Uskayaw
Vehumet
Wu Jian
Xom
Yredelemnul
Zin


Innate Abilities, Weirdness & Mutations

You are too large for most types of armour.
You have claws for hands.
Your metabolism is lightning-fast.
You like to eat raw meat.
You heal very quickly.
You are covered in fur. (AC +1)
You have very tough skin. (AC +2)
You have a pair of small horns on your head.
Your magical capacity is low. (-10% MP)
Your muscles are strong. (Str +2)


Message History

A red film seems to cover your vision as you go berserk!
You feel yourself moving faster!
You feel mighty!
You feel a lot more hungry.
Something hits you but does no damage. x2
You barely miss something. You claw something. Trog accepts your kill.
Trog appreciates your killing of a magic user.
Reactivating autopickup.
You feel a bit more experienced.
You are too injured to fight recklessly!
You are too injured to fight recklessly!
Deactivating autopickup; reactivate with Ctrl-A.
You barely miss something. Something hits you but does no damage.
You barely miss something. You headbutt something! Something hits you.
* * * LOW HITPOINT WARNING * * *
You miss something.
The orc warrior hits you but does no damage.
You hear some strange, mumbled words.
A puff of frost appears from out of thin air!
The puff of frost hits you!
You die...

#........# ........#
#........# #.......#
.##........# #.......#
...........# #.......#
#.......# #........
#.......# #####.(......
#.......####oo.oo.......
#.....<....(.###{###....
#.......###..# #@# .(.
#.......# ##.# #'# .
#.......# #.###_+
#.......# #.###+#
#.......# #.# #########
#.# ..


You could see an orc warrior and an orc.

Vanquished Creatures
  3 ice beasts (D:5)
  An ogre (D:5)
  A centaur (D:5)
  A scorpion (D:5)
  A centaur zombie (D:6)
  4 hounds
  3 orc priests
  A bullfrog skeleton (D:5)
  2 worker ants (D:4)
  5 orc wizards
  A killer bee zombie (D:5)
  10 adders
  4 river rats (Sewer)
  A shadow imp (D:5)
  3 worms
  2 dart slugs
  7 leopard geckos
  15 orcs
  A giant cockroach (D:5)
  6 goblins
  8 hobgoblins
  10 jackals
  6 kobolds
  A quokka (D:2)
  3 ball pythons
  7 bats
  10 frilled lizards
  A quokka skeleton (D:4)
  A quokka zombie (D:5)
  16 rats
135 creatures vanquished.

Notes
Turn   | Place    | Note
-------+----------+-------------------------------------------
     0 | D:1      | theAP the Troll Berserker began the quest for the Orb.
     0 | D:1      | Reached XP level 1. HP: 22/22 MP: 0/0
   176 | D:1      | Reached XP level 2. HP: 29/29 MP: 1/1
  1015 | D:2      | Reached XP level 3. HP: 30/36 MP: 2/2
  1065 | D:2      | Reached ** piety under Trog
  1065 | D:2      | Reached skill level 4 in Unarmed Combat
  1281 | D:2      | Reached XP level 4. HP: 32/45 MP: 3/3
  1666 | D:3      | Reached skill level 5 in Unarmed Combat
  1666 | D:3      | Reached XP level 5. HP: 53/53 MP: 4/4
  2261 | D:4      | Reached *** piety under Trog
  2271 | D:4      | Reached XP level 6. HP: 25/62 MP: 5/5
  2345 | D:4      | Reached skill level 6 in Unarmed Combat
  2347 | D:4      | Found a shattered altar of Ashenzari.
  2604 | D:4      | Found a glowing drain.
  2637 | Sewer    | Entered a sewer
  3279 | D:5      | Entered Level 5 of the Dungeon
  3279 | D:5      | Found a sparkling altar of Nemelex Xobeh.
  3280 | D:5      | Noticed an ice beast
  3291 | D:5      | Killed an ice beast
  3291 | D:5      | Reached XP level 7. HP: 46/71 MP: 6/6
  3460 | D:5      | Reached skill level 7 in Unarmed Combat
  3470 | D:5      | Reached **** piety under Trog
  3642 | D:5      | Found a shimmering altar of Xom.
  3643 | D:5      | Found a bloodstained altar of Trog.
  3643 | D:5      | Found an ancient bone altar of Kikubaaqudgha.
  3645 | D:5      | Reached skill level 5 in Fighting
  3646 | D:5      | Found a stormy altar of Qazlal.
  3652 | D:5      | Reached skill level 8 in Unarmed Combat
  3786 | D:5      | Reached XP level 8. HP: 80/80 MP: 7/7
  4032 | D:5      | Found a staircase to the Ecumenical Temple.
  4041 | Temple   | Entered the Ecumenical Temple
  4234 | D:5      | Gained mutation: Your muscles are strong. (Str +2) [potion of mutation]
  4234 | D:5      | Gained mutation: You heal very quickly. [potion of mutation]
  4234 | D:5      | Gained mutation: Your magical capacity is low. (-10% MP) [potion of mutation]
  4234 | D:5      | Gained mutation: You have a pair of small horns on your head. [potion of mutation]
  4304 | D:6      | Found a hazy altar of Hepliaklqana.
  4304 | D:6      | HP: 2/80 [something/puff of frost (6)]
  4309 | D:6      | HP: 1/120 [something (3)]
  4310 | D:6      | Killed from afar by an orc wizard

Vault maps used:
D:1:      dpeg_arrival_round_a, serial_forest, infiniplex_forest_clump_medium,
          infiniplex_forest_clump_C, infiniplex_forest_clump_tiny,
          infiniplex_forest_clump_curved, infiniplex_forest_straight_4,
          infiniplex_forest_clump_medium
D:2:      first_bread
D:3:      minivault_19, serial_park_tiny_1, minmay_misc_feat_hallway,
          serial_bayou_pond_a
D:4:      nicolae_ashenzari_panopticon, cheibrodos_sewer_entry_bend,
          minmay_stone_trees_large
D:5:      nemelex_xobeh_ov_fountains_minmay,
          chequers_temple_overflow_statue_of_worship,
          minmay_temple_entry_poolview, minmay_joined_circles
D:6:      lemuel_castle_with_subvaults, lemuel_doored_altar, led_sif_pool,
          nicolae_ossuary_entry_catacombs, nicolae_dithmenos_the_darkroom
Temple:   nicolae_temple_figure_eight
Sewer:    sewer_co_cracked_pipes

Skill      XL: |  1  2  3  4  5  6  7 |
---------------+----------------------+-----
Unarmed Combat | 4 5 6 8 |  8.6
Fighting       | 3 4 5 |  5.3
Dodging        | |  2.4

Action                   |  1- 3 |  4- 6 |  7- 9 || total
-------------------------+-------+-------+-------++-------
Melee: Unarmed           |   101 |   205 |    78 ||   384
       Punch             |       |     4 |     3 ||     7
       Headbutt          |       |       |     2 ||     2
Invok: Berserk           |       |       |     1 ||     1
  Use: Scroll            |     1 |    10 |    12 ||    23
       Potion            |       |     5 |     3 ||     8
 Stab: Sleeping          |       |     2 |       ||     2
  Eat: Chunk             |    16 |    12 |    11 ||    39
Armor: Animal skin       |    40 |    61 |    35 ||   136
Dodge: Dodged            |    60 |   105 |    47 ||   212
